 Seeded DCSS version 0.29.1-1-gd02db6906a (webtiles) character file.

Game seed: 452596964315409404 (custom seed)

1421 koil the Covert (level 8, -2/40 HPs)
             Began as a Spriggan Brigand on Oct 21, 2022.
             Frozen to death by Wentworth's ghost (13 damage)
             ... on level 5 of the Dungeon.
             The game lasted 00:23:47 (6026 turns).

koil the Covert (Spriggan Brigand)                  Turns: 6026, Time: 00:23:47

Health: -2/40      AC:  3    Str:  7    XL:     8   Next: 44%
Magic:  11/11      EV: 19    Int: 21    God:
Gold:   236        SH:  0    Dex: 16    Spells: 8/9 levels left

rFire   . . .      SeeInvis +   B - +1 dagger (holy)
rCold   . . .      Faith    .   (no shield)
rNeg    . . .      Spirit   .   p - +0 robe
rPois   .          Reflect  .   (helmet restricted)
rElec   .          Harm     .   c - +0 cloak
rCorr   .          Rampage  .   (gloves unavailable)
Will    +....                   (boots unavailable)
Stlth   +++++.....              (no amulet)
HPRegen 0.13/turn               v - +6 ring of intelligence
MPRegen 0.12/turn               (no ring)

@: very quick
A: very small, no large weapons, unfitting armour, see invisible, speed 3
a: no special abilities


You were on level 5 of the Dungeon.
You visited 1 branch of the dungeon, and saw 5 of its levels.

You collected 236 gold pieces.

Inventory:

Hand Weapons
 a - a +2 dagger
 d - a +1 falchion of holy wrath
 e - a +2 whip of pain
 o - a +0 scythe
 B - a +1 dagger of holy wrath (weapon)
Missiles
 b - 4 atropa-tipped darts
 q - 2 curare-tipped darts (quivered)
 y - 15 poisoned darts
Armour
 c - a +0 cloak (worn)
 p - a +0 robe (worn)
Magical Staves
 f - a staff of fire
 x - a staff of fire
Jewellery
 v - a +6 ring of intelligence (left hand)
Scrolls
 h - a scroll of vulnerability
 i - a scroll of poison
 s - 4 scrolls of amnesia
 t - 2 scrolls of enchant weapon
 w - a scroll of torment
Potions
 n - 3 potions of ambrosia {unknown}
 r - 3 potions of attraction {unknown}
 u - a potion of curing
 z - a potion of cancellation {unknown}
 D - 3 potions of heal wounds {unknown}


   Skills:
 + Level 3.1 Fighting
 + Level 5.7 Short Blades
 - Level 2.0 Throwing
 + Level 4.8 Dodging
 + Level 13.0 Stealth
 + Level 1.3 Spellcasting
 - Level 0.4 Evocations


You had 8 spell levels left.
You knew the following spells:

 Your Spells              Type           Power      Damage    Failure   Level
a - Necrotise             Necr           4%         1d4       16%         1

Your spell library contained the following spells:

 Spells                   Type           Power      Damage    Failure   Level
 Gell's Gravitas          Tloc           1%         N/A       43%         3
 Lesser Beckoning         Tloc           1%         N/A       43%         3
 Stone Arrow              Conj/Erth      2%         3d7       43%         3
 Teleport Other           Tloc           1%         N/A       43%         3
 Animate Armour           Summ/Erth      2%         N/A       83%         4
 Lehudib's Crystal Spear  Conj/Erth      0%         10d2      100%        8


Dungeon Overview and Level Annotations

Branches:
Dungeon (5/15)             Temple (0/1) D:4

Altars:
Cheibriados
Dithmenos
Elyvilon
Gozag
Kikubaaqudgha
Sif Muna
Trog
Vehumet
Zin

Shops:
D:2 [   D:4 *

Annotations:
D:2 1 exclusion
D:5 Wentworth's ghost, novice DgIE


Innate Abilities, Weirdness & Mutations

You are very small and have problems with some larger weapons.
You are too small for most types of armour.
You have supernaturally acute eyesight. (SInv)
You cover ground extremely quickly. (Speed+++)


Message History

You climb upwards.
There is a stone staircase leading down here.
Items here: )) รทรท.
e - a +2 whip of pain
There is a stone staircase leading down here.
You climb downwards.
Level annotation: Wentworth's ghost, novice DgIE
There is a stone staircase leading up, spattered with blood here.
Done exploring.
Done exploring.
Done exploring.
Done exploring.
You see here a +0 halberd.
Wentworth's ghost turns its malevolent gaze towards you.
Your +1 dagger of holy wrath softly glows with a divine radiance!
B - a +1 dagger of holy wrath (weapon)
Wentworth's ghost hits you. Wentworth's ghost freezes you.
You hit Wentworth's ghost but do no damage.
You hit Wentworth's ghost.
Wentworth's ghost convulses.
Wentworth's ghost is lightly damaged.
Wentworth's ghost hits you. Wentworth's ghost freezes you.
You hit Wentworth's ghost but do no damage.
Wentworth's ghost is lightly damaged.
Wentworth's ghost freezes you.
You are frozen!
You closely miss Wentworth's ghost.
Wentworth's ghost is lightly damaged.
You closely miss Wentworth's ghost.
Wentworth's ghost is lightly damaged.
Wentworth's ghost hits you. Wentworth's ghost freezes you.
You hit Wentworth's ghost but do no damage.
Wentworth's ghost is lightly damaged.
Wentworth's ghost freezes you.
You are frozen.
* * * LOW HITPOINT WARNING * * *
You closely miss Wentworth's ghost.
Wentworth's ghost is lightly damaged.
Wentworth's ghost freezes you.
You are frozen!
You die...

##.#### ##...####..# #.##
###..#..###..........# ##.#
.#..####...##.....#..# ##.###
..### ##.####.....#.#######..###
#..# #.## ##...............##.
#..# #..## ##.................
#..# #...####.................
...## ##..........#.............
....## #........@W##W............
.....###....#)...###......#......
......#.....###.####........####.
............##..###...##....###..
.>......##.....###...####........
.......#######..#....## #.......#
...#...# ##......W###........
.......# #.............#.....
##..#..# ##.##..........##....


You could see Wentworth's ghost.

Vanquished Creatures
  Sigmund (D:2)
  Eustachio (D:4)
  3 black bears
  3 ogres
  A kobold brigand (D:5)
  A scorpion (D:5)
  A necrophage (D:5)
  4 hounds
  2 jellies
  A gnoll bouda (D:5)
  2 iguanas (D:5)
  4 gnolls
  4 adders
  2 worms
  2 dart slugs (D:3)
  9 orcs
  4 endoplasms
  3 giant cockroaches
  3 hobgoblins
  15 kobolds
  A quokka (D:1)
  9 ball pythons
  2 bats (D:1)
  3 frilled lizards
  7 goblins
  4 rats
92 creatures vanquished.

Vanquished Creatures (others)
  A wizard (D:5)
  7 toadstools (D:2)
8 creatures vanquished.

Grand Total: 100 creatures vanquished

Notes
Turn   | Place    | Note
-------+----------+-------------------------------------------
     0 | D:1      | koil the Spriggan Brigand began the quest for the Orb.
     0 | D:1      | Reached XP level 1. HP: 10/10 MP: 2/2
    15 | D:1      | Reached skill level 6 in Stealth
   352 | D:1      | Reached XP level 2. HP: 14/14 MP: 3/3
   985 | D:2      | Found Tiaxt's Armour Shop.
  1084 | D:2      | Reached XP level 3. HP: 14/18 MP: 4/4
  1298 | D:2      | Reached skill level 7 in Stealth
  1301 | D:2      | Noticed Sigmund
  1343 | D:2      | Killed Sigmund
  1344 | D:2      | Reached skill level 8 in Stealth
  1344 | D:2      | Reached XP level 4. HP: 2/23 MP: 5/5
  1344 | D:2      | Reached XP level 5. HP: 2/26 MP: 6/6
  1676 | D:2      | Reached skill level 9 in Stealth
  1856 | D:3      | Found a faded altar of an unknown god.
  2922 | D:3      | Found a glowing silver altar of Zin.
  2966 | D:4      | Reached XP level 6. HP: 28/30 MP: 7/7
  3119 | D:4      | Found Vawneon's General Store.
  3268 | D:4      | Found a staircase to the Ecumenical Temple.
  3344 | D:4      | Noticed Eustachio
  3352 | D:4      | Reached skill level 10 in Stealth
  3362 | D:4      | Killed Eustachio
  3363 | D:4      | Reached XP level 7. HP: 35/35 MP: 8/8
  3657 | D:4      | Reached skill level 11 in Stealth
  3734 | D:5      | Entered Level 5 of the Dungeon
  3739 | D:5      | Reached skill level 5 in Short Blades
  4447 | D:5      | Reached skill level 12 in Stealth
  4521 | D:5      | Found a runed translucent gate.
  4521 | D:5      | Found an opulent altar of Gozag.
  4522 | D:5      | Found a radiant altar of Vehumet.
  4522 | D:5      | Found a runed translucent gate.
  4522 | D:5      | Found a runed translucent gate.
  4527 | D:5      | Reached XP level 8. HP: 39/39 MP: 9/9
  4530 | D:5      | Noticed Wentworth's ghost (novice DgIE)
  4693 | D:5      | Found a white marble altar of Elyvilon.
  4693 | D:5      | Found a shadowy altar of Dithmenos.
  4697 | D:5      | Found a snail-covered altar of Cheibriados.
  5067 | D:5      | Found a bloodstained altar of Trog.
  5068 | D:5      | Noticed a wizard
  5074 | D:5      | Killed a wizard
  5103 | D:5      | Found an ancient bone altar of Kikubaaqudgha.
  5107 | D:5      | Found a shimmering blue altar of Sif Muna.
  5111 | D:5      | Got Kikubaaqudgha's Exposition on Mortification
  5375 | D:5      | Learned a level 1 spell: Necrotise
  5446 | D:5      | Reached skill level 1 in Spellcasting
  5571 | D:5      | Reached skill level 13 in Stealth
  6026 | D:5      | Frozen to death by Wentworth's ghost

Illustrated notes

Levels and vault maps discovered:
D:1:      dpeg_arrival_oval, layout_loops_ring, nrook_mini_backslash
D:2:      cheibrodos_fertilizer, layout_rooms, serial_aquarium,
          aquarium_bridge_straight [aquarium_subvault_bridge,
          aquarium_subvault_wall, aquarium_subvault_bridge,
          aquarium_subvault_balcony], aquarium_window_corner,
          aquarium_window_corridor_3, aquarium_window_2, aquarium_window_fake,
          aquarium_view_2e, aquarium_balcony_5a, serial_shops,
          nicolae_shop_stone, uniq_natasha, uniq_robin, uniq_sigmund
D:3:      layout_rooms, zin_scriptorium, hellmonk_ecumenical_altar_blasted,
          hangedman_decor_growths
D:4:      layout_loops_ring, minmay_temple_entry_trees, serial_shops, shop,
          serial_bayou_pond_e, uniq_eustachio
D:5:      layout_layer_cave, grunt_temple_overflow_magic_moments, trog_wizard,
          gammafunk_temple_overflow_forgotten, ebering_ghost_gozag

Skill      XL: |  1  2  3  4  5  6  7  8 |
---------------+-------------------------+-----
Stealth        | 6 8 9 10 12 13 | 13.0
Fighting       | 2 3 |  3.1
Short Blades   | 3 4 5 |  5.7
Dodging        | 2 3 4 |  4.8
Spellcasting   | 1 |  1.3
Throwing       | |  2.0
Evocations     | |  0.4

Action                   |  1- 3 |  4- 6 |  7- 9 || total
-------------------------+-------+-------+-------++-------
Melee: Dagger            |    73 |    82 |   102 ||   257
       Punch             |     2 |       |     1 ||     3
Throw: Dart              |    15 |    35 |    16 ||    66
Evoke: Wand              |       |     2 |     7 ||     9
  Use: Scroll            |       |       |    10 ||    10
       Potion            |       |       |     1 ||     1
 Stab: Sleeping          |    18 |     9 |    13 ||    40
       Invisible         |       |       |     5 ||     5
       Confused          |       |       |     1 ||     1
Armor: Robe              |     8 |    11 |     1 ||    20
       Skin              |       |       |    10 ||    10
Dodge: Dodged            |    32 |    53 |    45 ||   130
